[Event "Charlotte Open 2024"]
[Site "Charlotte"]
[Date "2024.01.15"]
[Round "5.5"]
[White "Kantor, Gergely"]
[Black "Zapata, Alonso"]
[Result "1-0"]
[ECO "B90"]
[WhiteElo "2531"]
[BlackElo "2313"]
[Annotator "TA"]
[PlyCount "131"]
[EventDate "2024.01.05"]
[EventType "swiss"]
[EventCountry "USA"]
[SourceTitle "playchess.com"]
[Source "ChessBase"]
[SourceQuality "1"]
[TimeControl "6600+10"]

1. e4 c5 2. Nf3 d6 3. d4 cxd4 4. Nxd4 Nf6 5. Nc3 a6 6. Bd3 e5 7. Nde2 Be7 8. O-O O-O 9. Ng3 {[%emt 0:00:07] B90: Sicilian Najdorf: Unusual White 6th moves, 6 Be3 Ng4 and 6 Be3 e5.} Be6 {[%emt 0:01:40] [#]} 10. Nd5 $1 Nbd7 (10... Bxd5 11. exd5) 11. c4 {[%emt 0:07:08] White has an edge.} Nc5 12. Bc2 {[%emt 0:01:57] [#]} (12. Be3 {feels hotter.} Nxd3 13. Bb6 Qd7 14. Qxd3 Rfc8 15. a4) 12... a5 $146 (12... b5 $11) ({Predecessor:} 12... b5 13. b4 Ncd7 14. cxb5 axb5 15. Bd3 Nb6 16. Nxe7+ Qxe7 17. Bxb5 d5 18. a4 Nxe4 19. Nxe4 dxe4 {1-0 Pranesh,M (2438)-Iniyan,P (2534) Commonwealth-ch 2022 (5)}) 13. Nxe7+ $14 Qxe7 14. b3 Rfd8 15. h3 a4 16. Be3 b5 17. cxb5 axb3 18. axb3 Rab8 19. b4 Ncd7 20. Qd3 d5 21. exd5 Bxd5 22. Rfb1 Rdc8 23. Ra7 Bc4 (23... g6 $16 {might work better.} 24. Bg5 Qe6) 24. Nf5 $18 Qe6 25. Qd6 Re8 {[%emt 0:01:37] Inhibits Ne7+. Black is weak on the dark squares} (25... Kh8 $142) 26. Rd1 Bxb5 27. Qxe6 Rxe6 28. Bb3 {[%emt 0:00:10] This pair of bishops is nice.} (28. Nd6 $142 {Strongly threatening Nxb5.} Be2 29. Rd2) 28... Ra6 29. Nd6 Be2 {[%emt 0:02:22] Hoping for ...Rxa7.} 30. Rxa6 (30. Bxf7+ Kf8) 30... Bxa6 31. Ra1 Bd3 32. b5 Kf8 33. b6 (33. Bxf7 Ke7 34. Bc4 Bxc4 35. Nxc4 Rxb5 $14) (33. Nxf7 Rxb5 34. Be6 Ke7 35. Bxd7 Nxd7 $11) ({White should play} 33. Ba7 $18) 33... Ke7 $16 34. Nxf7 {[%emt 0:00:14] White is more active.} Bg6 35. Ng5 h6 36. Nf3 $36 {[%emt 0:00:25][%mdl 2048] White is in control.} Be4 (36... Bf7 $16) 37. Ra7 $18 Kd6 38. Nd2 Bd5 39. Bxd5 Kxd5 40. b7 {[%emt 0:00:30] aiming for Nb3.} Kc6 41. Nc4 {[%emt 0:00:01] And now Na5+ would win.} Kc7 $2 {[%emt 0:00:17] [#]} (41... Nd5 $16 42. Na5+ Kb5) 42. Na5 $1 Nd5 43. Ra6 N5b6 44. g4 g6 45. Kg2 {[%emt 0:00:12] f4 is the strong threat.} (45. Bxh6 Rh8 $18) 45... h5 $2 (45... Rg8 46. Ra7 Nb8 47. Bxh6 Nd5) 46. Kg3 hxg4 47. hxg4 g5 48. Bxg5 $2 (48. Ra7 $18) 48... Nc5 $1 $11 49. Ra7 Ne4+ (49... Nxb7 $2 50. Bf6 Nd7 51. g5 $18) 50. Kh3 {[%emt 0:00:00] Threatens to win with Be3.} Nxg5+ 51. Kh4 Ne4 52. g5 Nxf2 53. g6 Ne4 54. g7 Nd6 55. Kg5 {[%emt 0:00:00] Prevents Nf5} e4 (55... Nxb7 56. Rxb7+ Rxb7 57. Nxb7 (57. g8=R Rb8 $11) 57... Kxb7 58. g8=Q (58. g8=R Kc6 $14) 58... Kc6 59. Kf5 Kc5 60. Qg1+ Kc6 61. Kxe5) (55... Nb5 $5 56. Ra6 $8 Nd4 $11) 56. Kf4 Nb5 (56... Nxb7 57. Rxb7+ Rxb7 58. g8=Q $18 (58. g8=R Nd5+ 59. Kxe4 Rb5 $11)) 57. Ra6 Nc3 58. Ke3 Rd8 59. Nb3 (59. Ra7 $11 Nbd5+ 60. Kf2) 59... Nc4+ ({Stronger than} 59... Kxb7 60. Nc5+ Kc6 61. Nxe4 $15) (59... Nbd5+ $17 60. Kf2 e3+ 61. Kf3 e2) 60. Kf4 {[%emt 0:00:09] Ra8 would be deadly. Chess con chili.} e3 $2 {[%emt 0:00:13][%mdl 8192] [#]} (60... Kxb7 $11 61. Nc5+ Kb8) 61. Ra8 $1 $18 {[%emt 0:00:05] White is clearly winning.} Nd5+ 62. Kf3 Nd2+ 63. Ke2 Nc3+ 64. Kxe3 Nc4+ 65. Kf3 Ne5+ 66. Kg3 {[%emt 0:00:03] Excellently played by Kantor!   Weighted Error Value: White=0.26 (precise) /Black=0.29 (precise)} 1-0

[Event "Charlotte Open 2024"]
[Site "Charlotte"]
[Date "2024.01.15"]
[Round "5.6"]
[White "Kraai, Jesse"]
[Black "Titus, Andrew"]
[Result "1/2-1/2"]
[ECO "D02"]
[WhiteElo "2375"]
[BlackElo "2202"]
[Annotator "ChessBase"]
[PlyCount "57"]
[EventDate "2024.01.05"]
[EventType "swiss"]
[EventCountry "USA"]
[SourceTitle "playchess.com"]
[Source "ChessBase"]
[SourceQuality "1"]
[TimeControl "6600+10"]

1. d4 d5 2. Nf3 Nf6 3. Bf4 e6 4. e3 Bd6 5. Bxd6 cxd6 6. c4 dxc4 7. Bxc4 O-O 8. O-O b6 9. Nc3 Bb7 10. Qe2 Nc6 11. Rac1 Ne7 12. Ba6 Bxa6 13. Qxa6 Ned5 14. Nxd5 Nxd5 15. Rc4 Qd7 16. g3 Rfc8 17. Rfc1 Ne7 18. Rxc8+ Rxc8 19. Rxc8+ Nxc8 20. d5 exd5 21. Nd4 Ne7 22. Qb5 Qc8 23. Qa4 a6 24. Qa3 Nf5 25. Nxf5 Qxf5 26. Qxd6 Qb1+ 27. Kg2 Qe4+ 28. Kg1 Qb1+ 29. Kg2 1/2-1/2

[Event "Charlotte Open 2024"]
[Site "Charlotte"]
[Date "2024.01.15"]
[Round "5.7"]
[White "Abrahamyan, Tatev"]
[Black "Prabhu, Naveen"]
[Result "0-1"]
[ECO "B12"]
[WhiteElo "2311"]
[BlackElo "2103"]
[Annotator "ChessBase"]
[PlyCount "60"]
[EventDate "2024.01.05"]
[EventType "swiss"]
[EventCountry "USA"]
[SourceTitle "playchess.com"]
[Source "ChessBase"]
[SourceQuality "1"]
[TimeControl "6600+10"]

1. e4 c6 2. d4 d5 3. f3 Qb6 4. Nc3 dxe4 5. fxe4 e5 6. Nf3 exd4 7. Nxd4 h5 8. Bc4 Bg4 9. Nf3 Nd7 10. h3 Be6 11. Bxe6 fxe6 12. Ng5 O-O-O 13. Nf7 Be7 14. Qe2 Bh4+ 15. Kd1 Ngf6 16. Bd2 Ne5 17. Nxd8 Rxd8 18. Kc1 Rxd2 19. Qxd2 Nc4 20. Na4 Qb5 21. Qd3 Bg5+ 22. Kb1 Nd2+ 23. Kc1 Ndxe4+ 24. Kb1 Nd2+ 25. Kc1 Qxa4 26. Rd1 Nfe4 27. a3 Nf2 28. Qe2 Nde4+ 29. Kb1 Nxd1 30. Qxd1 Qc4 0-1

[Event "Charlotte Open 2024"]
[Site "Charlotte"]
[Date "2024.01.15"]
[Round "5.8"]
[White "Belenkaya, Dina"]
[Black "Bynum, Jacorey"]
[Result "1/2-1/2"]
[ECO "B29"]
[WhiteElo "2202"]
[BlackElo "1664"]
[Annotator "NA"]
[PlyCount "141"]
[EventDate "2024.01.05"]
[EventType "swiss"]
[EventCountry "USA"]
[SourceTitle "playchess.com"]
[Source "ChessBase"]
[SourceQuality "1"]
[TimeControl "6600+10"]

1. e4 c5 2. Nc3 Nc6 3. Nf3 Nf6 4. g3 d5 5. exd5 Nxd5 6. Bg2 e6 7. O-O Be7 8. Re1 O-O 9. d3 Rb8 10. a4 b6 11. h4 Bb7 12. Nxd5 exd5 13. Bf4 Bd6 14. Bxd6 Qxd6 15. d4 Rbd8 16. c3 Rfe8 17. Qd3 c4 18. Qc2 Bc8 19. Ng5 g6 20. h5 Bf5 21. Qd2 gxh5 22. Nh3 Bxh3 23. Bxh3 h6 24. Kg2 h4 25. Bf5 Ne7 26. Bc2 hxg3 27. Rh1 Kg7 28. Rag1 Ng8 29. Kf1 Re6 30. Rxg3+ Kf8 31. Bh7 Ne7 32. Rh5 Rf6 33. Re5 Ke8 34. Rge3 Rd7 35. Bf5 Rc7 36. Qe2 Kf8 37. Bc2 Ng6 38. Qh5 Kg7 39. Rh3 Nf4 40. Qg4+ Kf8 41. Bh7 Ne6 42. Rhe3 Ke8 43. Bf5 Kd7 44. Qh4 Ke7 45. Bh3 Qd8 46. Rf3 Qh8 47. Rff5 Rc6 48. Rf4 Qg7 49. Rf3 Qg6 50. Bf5 Qg5 51. Qxg5 hxg5 52. Rxd5 Nf4 53. Re3+ Kf8 54. Rde5 Rcd6 55. f3 Rh6 56. Bg4 Rh1+ 57. Kf2 Rh2+ 58. Kg1 Rxb2 59. Rxg5 Rh6 60. Bd7 Ne2+ 61. Kf2 Nxd4+ 62. Kg3 Ne6 63. Rg4 Rhh2 64. Bxe6 Rbg2+ 65. Kf4 fxe6 66. Rxe6 Rxg4+ 67. fxg4 Ra2 68. g5 Rxa4 69. Rc6 Kg7 70. Rc7+ Kg6 71. Rc6+ 1/2-1/2

[Event "Charlotte Open 2024"]
[Site "Charlotte"]
[Date "2024.01.15"]
[Round "5.9"]
[White "Heck, Nathan"]
[Black "Botez, Andrea"]
[Result "0-1"]
[ECO "B34"]
[WhiteElo "1586"]
[BlackElo "1709"]
[Annotator "NA"]
[PlyCount "100"]
[EventDate "2024.01.05"]
[EventType "swiss"]
[EventCountry "USA"]
[SourceTitle "playchess.com"]
[Source "ChessBase"]
[SourceQuality "1"]
[TimeControl "6600+10"]

1. e4 c5 2. Nf3 g6 3. d4 cxd4 4. Nxd4 Bg7 5. Nc3 Nc6 6. Be3 Nf6 7. Be2 O-O 8. O-O d5 9. exd5 Nxd5 10. Nxd5 Nxd4 11. Bxd4 Qxd5 12. Bxg7 Qxd1 13. Raxd1 Kxg7 14. Bf3 Be6 15. a3 Rac8 16. Rd2 Bf5 17. c3 b6 18. Re1 Kf6 19. h3 Rfd8 20. Red1 Rxd2 21. Rxd2 e5 22. g4 Be6 23. Kg2 h6 24. Be2 Ke7 25. Kg3 g5 26. Bd1 Rc6 27. Be2 Rd6 28. Rxd6 Kxd6 29. Kf3 f5 30. gxf5 Bxf5 31. Bf1 b5 32. Ke3 a6 33. Bg2 Kc5 34. Bf1 h5 35. Kf3 e4+ 36. Ke3 Kd5 37. f3 exf3 38. Kxf3 Bxh3 39. Bd3 Bc8 40. Kg3 h4+ 41. Kg2 g4 42. b3 Ke5 43. c4 bxc4 44. Bxc4 Bb7+ 45. Kh2 Kd4 46. Be6 g3+ 47. Kg1 Bd5 48. Bc8 Bxb3 49. Bxa6 h3 50. Bb7 Bd5 0-1

[Event "Charlotte Open 2024"]
[Site "Charlotte"]
[Date "2024.01.15"]
[Round "5.11"]
[White "Kogen, Jonathan"]
[Black "Karthik, Advaith"]
[Result "1/2-1/2"]
[ECO "E18"]
[WhiteElo "2220"]
[BlackElo "2124"]
[Annotator "NA"]
[PlyCount "70"]
[EventDate "2024.01.05"]
[EventType "swiss"]
[EventCountry "USA"]
[SourceTitle "playchess.com"]
[Source "ChessBase"]
[SourceQuality "1"]
[TimeControl "6600+10"]

1. d4 Nf6 2. Nf3 e6 3. g3 b6 4. Bg2 Bb7 5. O-O Be7 6. c4 O-O 7. Nc3 Ne4 8. Qc2 Nxc3 9. Qxc3 Be4 10. b3 Bf6 11. Bb2 c5 12. Qd2 d6 13. Rfd1 Qe7 14. dxc5 dxc5 15. Bxf6 Qxf6 16. Qe3 Bb7 17. Ne5 Qe7 18. Bxb7 Qxb7 19. Rd6 f6 20. Nf3 e5 21. Rad1 Nc6 22. Rd7 Qc8 23. Qe4 Nd4 24. Qd5+ Kh8 25. Nxd4 exd4 26. e3 dxe3 27. fxe3 Qe8 28. e4 Qg6 29. Qf5 Qh6 30. Qf4 Qg6 31. Re7 Rae8 32. Rdd7 Rxe7 33. Rxe7 Re8 34. Qc7 Rxe7 35. Qxe7 h5 1/2-1/2

[Event "Charlotte Open 2024"]
[Site "Charlotte"]
[Date "2024.01.15"]
[Round "5.12"]
[White "Parker, Anthony"]
[Black "Foisor, Sabina-Francesca"]
[Result "0-1"]
[ECO "A03"]
[WhiteElo "1909"]
[BlackElo "2200"]
[Annotator "NA"]
[PlyCount "66"]
[EventDate "2024.01.05"]
[EventType "swiss"]
[EventCountry "USA"]
[SourceTitle "playchess.com"]
[Source "ChessBase"]
[SourceQuality "1"]
[TimeControl "6600+10"]

1. f4 d5 2. Nf3 c5 3. g3 g6 4. Bg2 Bg7 5. d3 d4 6. O-O Nh6 7. Nbd2 O-O 8. Ne4 Qc7 9. c3 Nd7 10. Qc2 Qb6 11. Rb1 Nf6 12. Nxf6+ Bxf6 13. Nd2 Be6 14. Nc4 Qa6 15. b3 dxc3 16. a4 Rad8 17. Ne5 Ng4 18. Nxg4 Bxg4 19. h3 Bd7 20. e4 Bd4+ 21. Kh2 b5 22. axb5 Bxb5 23. Rd1 Rd7 24. e5 Rfd8 25. Be4 f6 26. h4 Qe6 27. Rf1 f5 28. Bg2 Bxd3 29. Qa2 c2 30. Rb2 Bxb2 31. Qxb2 Bxf1 32. Bxf1 Rd2+ 33. Kh3 Qc6 0-1

[Event "Charlotte Open 2024"]
[Site "Charlotte"]
[Date "2024.01.15"]
[Round "5.13"]
[White "Fang, Thomas"]
[Black "Aaron, Deepak"]
[Result "0-1"]
[ECO "B30"]
[WhiteElo "1856"]
[BlackElo "2296"]
[Annotator "NA"]
[PlyCount "104"]
[EventDate "2024.01.05"]
[EventType "swiss"]
[EventCountry "USA"]
[SourceTitle "playchess.com"]
[Source "ChessBase"]
[SourceQuality "1"]
[TimeControl "6600+10"]

1. e4 c5 2. Nf3 Nc6 3. Bb5 e6 4. Bxc6 bxc6 5. Nc3 Qc7 6. e5 Ne7 7. d3 Ng6 8. Qe2 f6 9. exf6 gxf6 10. h4 d5 11. h5 Ne7 12. b3 e5 13. Nh4 Rg8 14. f3 Be6 15. Na4 c4 16. Ba3 Bh6 17. Rd1 Qa5+ 18. Kf1 cxb3 19. cxb3 Bc8 20. Qc2 Qc7 21. Bc5 Bg5 22. b4 Rb8 23. a3 Bxh4 24. Bxe7 Bg5 25. Bc5 Bf4 26. Bf2 d4 27. Re1 Kf7 28. Nc5 Qd6 29. Bh4 f5 30. Qc4+ Qd5 31. Qxd5+ cxd5 32. Bf2 a5 33. Rb1 axb4 34. axb4 Ke7 35. Be1 Bd7 36. Rg1 Bb5 37. Bf2 Ra8 38. g3 Be3 39. Bxe3 dxe3 40. Kg2 Ra2+ 41. Kh3 Rg5 42. g4 Rf2 43. Rgf1 Rxf3+ 44. Rxf3 fxg4+ 45. Kg3 gxf3+ 46. Kxf3 d4 47. Ra1 Bc6+ 48. Ne4 Rf5+ 49. Ke2 Bxe4 50. dxe4 Rf2+ 51. Kd3 Rd2+ 52. Kc4 e2 0-1

[Event "Charlotte Open 2024"]
[Site "Charlotte"]
[Date "2024.01.15"]
[Round "5.14"]
[White "Wu, William"]
[Black "Vigorito, David"]
[Result "0-1"]
[ECO "B23"]
[WhiteElo "1965"]
[BlackElo "2256"]
[Annotator "NA"]
[PlyCount "62"]
[EventDate "2024.01.05"]
[EventType "swiss"]
[EventCountry "USA"]
[SourceTitle "playchess.com"]
[Source "ChessBase"]
[SourceQuality "1"]
[TimeControl "6600+10"]

1. e4 c5 2. Nc3 d6 3. d4 cxd4 4. Qxd4 Nc6 5. Qd2 Nf6 6. b3 e6 7. Bb2 d5 8. exd5 exd5 9. O-O-O Be6 10. Nf3 Qa5 11. Bb5 Bb4 12. Qd4 O-O 13. Bxc6 bxc6 14. Na4 Rfe8 15. Ne5 Rac8 16. Nd3 c5 17. Qh4 d4 18. a3 Bc3 19. Naxc5 Bxb2+ 20. Kxb2 Qc3+ 21. Kb1 Bf5 22. Rc1 Rxc5 23. Nxc5 Qxc5 24. Qf4 Rc8 25. Rhd1 Bxc2+ 26. Ka2 Qc3 27. Qf3 Bxb3+ 28. Kb1 Bc2+ 29. Ka2 d3 30. Qb7 d2 31. Rxd2 Bb3+ 0-1

[Event "Charlotte Open 2024"]
[Site "Charlotte"]
[Date "2024.01.15"]
[Round "5.15"]
[White "Kung, Thomas"]
[Black "Wofford, Matthew"]
[Result "0-1"]
[ECO "B90"]
[WhiteElo "2184"]
[BlackElo "1993"]
[Annotator "NA"]
[PlyCount "151"]
[EventDate "2024.01.05"]
[EventType "swiss"]
[EventCountry "USA"]
[SourceTitle "playchess.com"]
[Source "ChessBase"]
[SourceQuality "1"]
[TimeControl "6600+10"]

1. e4 c5 2. Nf3 d6 3. d4 cxd4 4. Nxd4 Nf6 5. Nc3 a6 6. Be3 Ng4 7. Bc1 Nf6 8. f3 e5 9. Nb3 Be6 10. Be3 Be7 11. Qd2 h5 12. O-O-O Nbd7 13. Kb1 Rc8 14. g3 O-O 15. h4 b5 16. Bh3 Nb6 17. Bxb6 Qxb6 18. Nd5 Nxd5 19. exd5 Bxh3 20. Rxh3 Rc4 21. Rh2 Rfc8 22. Qf2 Qc7 23. c3 f5 24. f4 e4 25. Qe2 g6 26. Nd4 Bf6 27. Nc6 Re8 28. Qe3 a5 29. Rhd2 Rc5 30. a3 Qb6 31. Re1 Qa6 32. Qe2 Qb6 33. Qe3 Qa6 34. Ka2 Rc8 35. Red1 Ra8 36. Re2 Qb7 37. Kb1 Rc4 38. Rc2 Kg7 39. Re1 Ra4 40. Ka2 b4 41. c4 bxa3 42. Qb3 Rb4 43. Qxa3 Rb6 44. b3 a4 45. b4 Rxc6 46. dxc6 Qxc6 47. b5 Qb6 48. Rd1 Rd8 49. Rcd2 Qc7 50. Qb4 Be7 51. b6 Qc6 52. Rd5 Rb8 53. Rb1 e3 54. Rd3 Bf6 55. Rxe3 Qg2+ 56. Ka3 Qf2 57. Qe1 Qc2 58. Qc1 Qf2 59. b7 Bd4 60. Rd3 Bc5+ 61. Kxa4 Qa2+ 62. Ra3 Bxa3 63. Qc3+ Kf7 64. Ra1 Bb2+ 65. Rxa2 Bxc3 66. Kb5 Rxb7+ 67. Kc6 Re7 68. Kxd6 Bb4+ 69. Kd5 Re3 70. Rb2 Be1 71. c5 Bxg3 72. Rb4 Bxh4 73. c6 Bd8 74. Rb8 Bc7 75. Rh8 Bxf4 76. Kd4 0-1

[Event "Charlotte Open 2024"]
[Site "Charlotte"]
[Date "2024.01.15"]
[Round "5.16"]
[White "Jiang, Andrew"]
[Black "Rajagopal, Adharsh"]
[Result "1-0"]
[ECO "D00"]
[WhiteElo "2213"]
[BlackElo "1895"]
[Annotator "NA"]
[PlyCount "117"]
[EventDate "2024.01.05"]
[EventType "swiss"]
[EventCountry "USA"]
[SourceTitle "playchess.com"]
[Source "ChessBase"]
[SourceQuality "1"]
[TimeControl "6600+10"]

1. d4 Nf6 2. Nc3 d5 3. Bf4 g6 4. e3 Bg7 5. Nb5 Na6 6. h3 O-O 7. Nf3 c6 8. Nc3 Qa5 9. Qd2 Nb4 10. a3 Bf5 11. Rc1 Na6 12. g4 Bc8 13. Bg2 Qb6 14. b4 Qd8 15. Ne5 Nc7 16. a4 Nd7 17. Nxd7 Bxd7 18. O-O Ne8 19. Bg3 Nd6 20. Qd3 Nc4 21. Rb1 e5 22. e4 exd4 23. Ne2 Ne5 24. Bxe5 Bxe5 25. exd5 cxd5 26. b5 Qb6 27. Bxd5 Be6 28. Bxe6 fxe6 29. Qe4 Bg7 30. Nf4 Rae8 31. Rfe1 Qd6 32. Nd3 Qc7 33. Re2 b6 34. Kg2 Qc4 35. Rb4 Qc3 36. f4 Kh8 37. h4 e5 38. Rb3 Qa1 39. Re1 Qxa4 40. fxe5 Qc4 41. Re2 Qf7 42. Rb1 Qe7 43. Rh1 Bf6 44. h5 gxh5 45. Rxh5 Rg8 46. Rf2 Bh4 47. Rf3 Rxg4+ 48. Qxg4 Rg8 49. Kh3 Rxg4 50. Kxg4 Qc7 51. Rxh4 Qxc2 52. Rfh3 Kg8 53. Rxh7 Qc4 54. Nf4 Qc8+ 55. e6 Qc4 56. Rh8+ Kg7 57. e7 Qf1 58. e8=N+ Kf7 59. R3h7# 1-0

[Event "Charlotte Open 2024"]
[Site "Charlotte"]
[Date "2024.01.15"]
[Round "5.17"]
[White "Joseph, Jonath"]
[Black "Nguyen, James Le"]
[Result "0-1"]
[ECO "C29"]
[WhiteElo "2149"]
[BlackElo "2135"]
[Annotator "NA"]
[PlyCount "94"]
[EventDate "2024.01.05"]
[EventType "swiss"]
[EventCountry "USA"]
[SourceTitle "playchess.com"]
[Source "ChessBase"]
[SourceQuality "1"]
[TimeControl "6600+10"]

1. e4 e5 2. Nc3 Nf6 3. f4 d5 4. fxe5 Nxe4 5. Qf3 Nc6 6. Bb5 Nxc3 7. dxc3 Qh4+ 8. g3 Qe4+ 9. Qxe4 dxe4 10. Bf4 Bd7 11. Bc4 Be7 12. O-O-O g5 13. e6 fxe6 14. Bxc7 Rc8 15. Bd6 Bxd6 16. Rxd6 Ke7 17. Rd1 Ne5 18. Be2 Bc6 19. Nh3 h6 20. Rhe1 Rhf8 21. Bf1 Nf3 22. Re2 Rcd8 23. Rxd8 Kxd8 24. Bg2 Ke7 25. Nf2 Ng1 26. Re1 Rxf2 27. Rxg1 g4 28. h3 h5 29. hxg4 hxg4 30. Bh1 Kf6 31. Re1 Ke5 32. Kd1 Rh2 33. Kc1 Rh3 34. Rg1 e3 35. Bxc6 bxc6 36. Kd1 Rh2 37. b4 Ke4 38. c4 Kd4 39. Re1 Rg2 40. b5 cxb5 41. c5 Rd2+ 42. Kc1 Ke4 43. Rf1 Rf2 44. Rd1 Rf5 45. c6 e2 46. Re1 Ke3 47. c7 Rc5 0-1

[Event "Charlotte Open 2024"]
[Site "Charlotte"]
[Date "2024.01.15"]
[Round "5.18"]
[White "McCartney, Patrick"]
[Black "Lutsenko, Aleksandr"]
[Result "0-1"]
[ECO "A00"]
[WhiteElo "1730"]
[BlackElo "1572"]
[Annotator "NA"]
[PlyCount "94"]
[EventDate "2024.01.05"]
[EventType "swiss"]
[EventCountry "USA"]
[SourceTitle "playchess.com"]
[Source "ChessBase"]
[SourceQuality "1"]
[TimeControl "6600+10"]

1. b4 Nf6 2. Bb2 e6 3. b5 d5 4. e3 c5 5. Nf3 Bd6 6. Be2 O-O 7. O-O Nbd7 8. d4 c4 9. a4 Qc7 10. Ba3 Ne4 11. Bxd6 Qxd6 12. Nfd2 f5 13. f3 Nxd2 14. Qxd2 Nf6 15. Nc3 Bd7 16. Rad1 Be8 17. e4 fxe4 18. fxe4 dxe4 19. Bxc4 Rc8 20. Rxf6 gxf6 21. Nxe4 Qe7 22. Bb3 b6 23. Qf4 Bg6 24. Nd6 Rcd8 25. Nf5 Qd7 26. Qg4 Kh8 27. Nh4 Bf7 28. Qf4 Bg8 29. Rd3 f5 30. Nf3 Qd6 31. Ne5 Rf6 32. g4 Qf8 33. g5 Qg7 34. Kf1 Rff8 35. Rh3 Bf7 36. c3 Rfe8 37. Qg3 Bg6 38. Rh6 Kg8 39. h4 f4 40. Qf3 Bf5 41. Nc6 Rd7 42. Qh5 Rf7 43. Ne5 Bg6 44. Qf3 Rc7 45. h5 Bf5 46. Qg2 Rxc3 47. Ba2 Bh3 0-1

[Event "Charlotte Open 2024"]
[Site "Charlotte"]
[Date "2024.01.15"]
[Round "6.1"]
[White "Brodsky, David"]
[Black "Troff, Kayden"]
[Result "1-0"]
[ECO "B38"]
[WhiteElo "2492"]
[BlackElo "2484"]
[Annotator "TA"]
[PlyCount "67"]
[EventDate "2024.01.05"]
[EventType "swiss"]
[EventCountry "USA"]
[SourceTitle "playchess.com"]
[Source "ChessBase"]
[SourceQuality "1"]
[TimeControl "6600+10"]

1. e4 c5 2. Nf3 g6 3. d4 cxd4 4. Nxd4 Bg7 5. c4 Nc6 6. Be3 Qb6 7. Nb3 {[%emt 0:00:04] B38: Sicilian: Maroczy Bind with 5...Bg7 and 7...0-0.} Qd8 8. Qd2 $1 {[%emt 0:00:14] 8.Qd2 scores better than 8.Nc3.} Nf6 9. Nc3 {[%emt 0:00:25] White is slightly better.} O-O 10. f3 d6 11. Be2 Be6 12. O-O Nd7 13. Rac1 a5 14. Na1 Nc5 15. Nc2 a4 16. Na3 Qa5 {[%emt 0:03:30] [#]} 17. Nab5 $146 ({Predecessor:} 17. Rfd1 Rfc8 18. Bf1 f5 19. exf5 Bxf5 20. Nd5 Be6 21. Nc3 Bf7 22. Kh1 Rd8 23. Qf2 e5 24. Nab5 Bf8 25. Rd2 Rd7 26. Rcd1 Rad8 27. Bxc5 dxc5 28. Rxd7 Rxd7 29. Rxd7 {1-0 Ambartsumova,K (2382)-Padmini,R (2370) Speed Chess (Women) Q6 blitz 2021 (7)}) 17... Ne5 18. Nd5 Qxd2 (18... Bxd5 $1 $11 {remains equal.} 19. Qxd5 (19. cxd5 Ned3 $11) 19... Nc6) 19. Nxe7+ $16 {[%emt 0:00:20] Black is on the road to losing.} Kh8 20. Bxd2 Ncd3 {[%emt 0:00:00] [#]} (20... Nc6 $16 {was called for.}) 21. Rc2 $1 $18 Bxc4 22. Nxd6 Ba6 {[%emt 0:00:00] [#]} 23. f4 $1 Nd7 (23... Nc6 {keeps fighting.}) 24. e5 N3c5 25. Bxa6 Rxa6 26. Be3 b6 27. Rd1 f6 $2 {[%emt 0:00:00] [#]} (27... h5 28. h3 Kh7) 28. e6 $1 {[%emt 0:00:56][%mdl 512] White is clearly winning.} Nxe6 {[%emt 0:00:00] Black is weak on the light squares} 29. Rc8 ({Less strong is} 29. f5 gxf5 30. Ndxf5 (30. Nexf5 Ne5 $16) 30... Ndc5 $18) 29... Bh6 30. Nf7+ {[%emt 0:00:08][%mdl 64] Discovered Attack, Double Attack} Kg7 31. Nxh6 Ra7 32. Ng4 Rxc8 33. Nxc8 Rc7 34. Nxb6 {[%emt 0:00:16] Weighted Error Value: White=0.16 (very precise) /Black=0.27 (precise)} 1-0

[Event "Charlotte Open 2024"]
[Site "Charlotte"]
[Date "2024.01.16"]
[Round "6.2"]
[White "Zhou, Jianchao"]
[Black "Kantor, Gergely"]
[Result "1/2-1/2"]
[ECO "A28"]
[WhiteElo "2562"]
[BlackElo "2531"]
[Annotator "TA"]
[PlyCount "72"]
[EventDate "2024.01.05"]
[EventType "swiss"]
[EventCountry "USA"]
[SourceTitle "playchess.com"]
[Source "ChessBase"]
[SourceQuality "1"]
[TimeControl "6600+10"]

1. c4 e5 2. Nc3 Nf6 3. Nf3 Nc6 4. d3 d5 5. cxd5 Nxd5 6. e4 Nf6 {[%emt 0:00:07][%cal Bd5f6,Bf6h5,Bh5f4][%mdl 32] A28: English Opening: Four Knights Variation.} 7. h3 g6 8. Be3 Bg7 9. Be2 O-O {[%emt 0:00:51] [#]} 10. Rc1 $146 ({Predecessor:} 10. O-O Nh5 11. Qd2 Nd4 12. Bd1 f5 13. Bg5 Qd6 14. Nxd4 exd4 15. Nd5 Rf7 16. Nf4 Nxf4 17. Bxf4 {1-0 Sadhwani,R (2545)-Neelotpal,D (2425) BAN-chT Premier 2021 (5.4)}) 10... Nh5 11. Bg5 Qd6 12. O-O h6 13. Be3 Nf4 14. Nd5 Ne6 {[%emt 0:04:28] Against Bc5} (14... Nxd5 15. Bc5 Qe6 16. Bxf8 (16. exd5 Qxd5 17. Bxf8 Kxf8 $14) 16... Kxf8 17. exd5 Qxd5 18. Nd2 $14) 15. Qc2 f5 16. Bc5 Nxc5 17. Qxc5 Rf7 18. Qxd6 cxd6 19. Bd1 Be6 20. Bb3 Rd8 21. a3 Kh7 22. Rc3 Nb8 23. Nd2 Nd7 24. Ne3 {[%emt 0:03:38] A dynamic duo of knights.} Bxb3 25. Nxb3 Nf6 26. exf5 gxf5 27. d4 ({But not} 27. Nxf5 Nd5 28. g4 Nxc3 29. bxc3 h5 $17) 27... f4 28. dxe5 $1 dxe5 29. Rd1 Rxd1+ 30. Nxd1 Rd7 31. Rc1 Ne4 {[%emt 0:01:45] The position is equal.} 32. Kf1 Rd3 33. Nc3 Nxc3 34. Rxc3 Rd1+ 35. Ke2 Rb1 36. Rc2 e4 {[%emt 0:00:24] An interesting draw.   Weighted Error Value: White=0.06 (flawless) /Black=0.06 (flawless)} 1/2-1/2

[Event "Charlotte Open 2024"]
[Site "Charlotte"]
[Date "2024.01.15"]
[Round "6.3"]
[White "Cordova, Emilio"]
[Black "Prabhu, Naveen"]
[Result "1-0"]
[ECO "A11"]
[WhiteElo "2563"]
[BlackElo "2103"]
[Annotator "TA"]
[PlyCount "63"]
[EventDate "2024.01.05"]
[EventType "swiss"]
[EventCountry "USA"]
[SourceTitle "playchess.com"]
[Source "ChessBase"]
[SourceQuality "1"]
[TimeControl "6600+10"]

1. Nf3 d5 2. g3 Nf6 3. Bg2 Bf5 4. c4 c6 5. Qb3 Qb6 6. d3 e6 {[%emt 0:01:58] A11: English Opening: 1...c6.} 7. Be3 Qb4+ 8. Bd2 Qxb3 {[%emt 0:05:15] The position is equal.} 9. axb3 Na6 10. O-O {[%emt 0:07:15] [#]} Bc5 $146 {[%emt 0:08:16] Dodges Nd4} (10... Bg4 $11 {is superior.}) ({Predecessor:} 10... Be7 11. Na3 Nc5 12. Nd4 Bg6 13. b4 Ncd7 14. f4 O-O 15. f5 exf5 16. Nxf5 Rfe8 17. Nc2 dxc4 18. dxc4 {1-0 Tejero Royo,F (2202)-Navarro Alvarez,A (2102) Catalunya-ch Seniors 31st 2015 (5)}) 11. Rc1 $16 Nd7 12. Na3 O-O 13. Nc2 Rfc8 ({Black should play} 13... Bg4) 14. b4 Be7 15. Nfd4 {[%emt 0:00:32] [#] Black must now prevent Nxf5.} dxc4 16. Nxf5 exf5 17. dxc4 Bf6 18. Bc3 Bxc3 19. bxc3 Nc7 20. Nd4 g6 21. b5 Nc5 22. bxc6 b6 23. Rcb1 {[%emt 0:00:19] White is much more active.} Ne4 24. Rb3 Ne8 {[%emt 0:07:43] [#]} (24... Kf8 $16 {might work better.} 25. g4 Nd6) 25. g4 $1 $18 Nd2 (25... Nc5 26. Rba3) 26. Rb4 a5 27. Rxb6 Nxc4 {[%emt 0:00:05] Black is weak on the light squares} 28. Rb7 fxg4 29. Bd5 Ncd6 (29... Ned6 30. Nb5 Kg7 31. Nxd6 Nxd6) 30. Rd7 Rc7 31. c4 Kg7 (31... Raa7 $142 32. c5 Rxd7) 32. Ne6+ {[%emt 0:00:22] Weighted Error Value: White=0.04 (flawless) /Black=0.27 (precise)} 1-0